 Dungeon Crawl Stone Soup version 0.29.1-15-g9cfb28693d (webtiles) character file.

Game seed: 15187011322012450404

9 Heoruswealwe the Digger (level 2, 15/15 HPs)
             Began as a Deep Elf Earth Elementalist on Apr 12, 2023.
             Was a Follower of Kikubaaqudgha.
             Got out of the dungeon alive.
             The game lasted 00:02:39 (361 turns).

Heoruswealwe the Digger (DEEE)                       Turns: 361, Time: 00:02:39

Health: 15/15      AC:  2    Str:  5    XL:     2   Next: 3%
Magic:  8/8        EV: 12    Int: 19    God:    Kikubaaqudgha [*.....]
Gold:   12         SH:  0    Dex: 15    Spells: 6/8 levels left

rFire   . . .      SeeInvis .   (no weapon)
rCold   . . .      Faith    .   (no shield)
rNeg    . . .      Spirit   .   a - +0 robe
rPois   .          Reflect  .   (no helmet)
rElec   .          Harm     .   (no cloak)
rCorr   .          Rampage  .   (no gloves)
Will    .....                   (no boots)
Stlth   ++........              (no amulet)
HPRegen 0.05/turn               (no ring)
MPRegen 0.11/turn               (no ring)

@: no status effects
A: no striking features
a: Renounce Religion, Unearth Wretches


You escaped.
You worshipped Kikubaaqudgha.
Kikubaaqudgha was aware of your devotion.
You visited 1 branch of the dungeon, and saw 1 of its levels.

You collected 12 gold pieces.

Inventory:

Armour
 a - a +0 robe (worn)
Scrolls
 c - a scroll of amnesia
Potions
 b - a potion of magic
 d - 2 potions of ambrosia


   Skills:
 - Level 2.4 Dodging
 - Level 2.4 Stealth
 + Level 3.5 Spellcasting
 - Level 1.1 Transmutations
 + Level 3.6 Earth Magic


You had 6 spell levels left.
You knew the following spells:

 Your Spells              Type           Power      Damage    Failure   Level
z - Passwall              Tmut/Erth      10%        N/A       9%          2

Your spell library contained the following spells:

 Spells                   Type           Power      Damage    Failure   Level
 Sandblast                Erth           34%        2d9       3%          1
 Necrotise                Necr           12%        1d4       14%         1
 Stone Arrow              Conj/Erth      20%        3d8       21%         3
 Sublimation of Blood     Necr           3%         N/A       22%         2
 Petrify                  Tmut/Erth      12%        N/A       47%         4
 Anguish                  Hex/Necr       1%         N/A       82%         4
 Animate Dead             Necr           3%         N/A       82%         4


Dungeon Overview and Level Annotations

Branches:
Dungeon (1/15)

Altars:
Kikubaaqudgha


Message History

Adjust to which letter? z - Passwall
Found a stone staircase leading down.
You see here 5 stones.
There is a stone staircase leading down here.
You see here 5 stones.
A ball python comes into view.
You can't see any susceptible monsters within range! (Use Z to cast anyway.)
The blast of sand hits the ball python!
You kill the ball python!
Found a stone staircase leading down.
There is a stone staircase leading down here.
Found a scroll labelled FUFOPT HOSIZ.
Found a faded altar of an unknown god.
Found 12 gold pieces and a scroll labelled ZIHYUX XIMNO.
e - a scroll labelled FUFOPT HOSIZ
c - 2 scrolls labelled ZIHYUX XIMNO (gained 1)
You now have 12 gold pieces.
There is a faded altar of an unknown god here.
Found a stone staircase leading down.
There is a stone staircase leading down here.
There is a faded altar of an unknown god here.
There is a faded altar of an unknown god here.
You cannot tell which god this altar belongs to.
Convert to them anyway?
Kikubaaqudgha accepts your prayer! Kikubaaqudgha welcomes you!
You can now bring forth the wretched and dying.
Kikubaaqudgha grants you a gift!
You add the spells Necrotise, Sublimation of Blood, Anguish and Animate Dead to your library.
There is a staircase leading out of the dungeon here.
As you read the scroll labelled ZIHYUX XIMNO, it crumbles to dust.
It is a scroll of amnesia.
Forget Sandblast, freeing 1 spell level for a total of 6?
Your memory of Sandblast unravels.
As you read the scroll labelled FUFOPT HOSIZ, it crumbles to dust.
It is a scroll of identify.
d - 2 potions of ambrosia
There is a staircase leading out of the dungeon here.
Are you sure you want to leave the Dungeon?
This will make you lose the game!
You have escaped!

###
##.##
#@..#
##..#
### #..#
... #.##
..##
##.#
#.###..#
#....#.#
#.#.##.#
#######
#.#.##.#
#8#...#


There were no monsters in sight!

Vanquished Creatures
  A dart slug (D:1)
  A hobgoblin (D:1)
  2 ball pythons (D:1)
  A goblin (D:1)
  A kobold (D:1)
  3 rats (D:1)
9 creatures vanquished.

Notes
Turn   | Place    | Note
-------+----------+-------------------------------------------
     0 | D:1      | Heoruswealwe the Deep Elf Earth Elementalist began the
                  | quest for the Orb.
     0 | D:1      | Reached XP level 1. HP: 10/10 MP: 6/6
    85 | D:1      | Reached XP level 2. HP: 15/15 MP: 4/8
    88 | D:1      | Learned a level 2 spell: Passwall
   179 | D:1      | Found a faded altar of an unknown god.
   275 | D:1      | Prayed at the altar of an unknown god.
   275 | D:1      | Became a worshipper of Kikubaaqudgha
   275 | D:1      | Reached * piety under Kikubaaqudgha
   275 | D:1      | Received a gift from Kikubaaqudgha
   361 | D:$      | Got out of the dungeon alive.

Illustrated notes

Levels and vault maps discovered:
D:1:      saegor_arrival_simple_a, layout_loops_ring,
          shapermc_ecumenical_altar_mp_highgroup, serial_park_tiny_2,
          feat_on_display

Action                   || total
-------------------------++-------
 Cast: Sandblast         ||    10
  Use: Scroll            ||     2
